 Dungeon Crawl Stone Soup version 0.20-a0-700-gbd4582c (webtiles) character file.

135 polly the Shield-Bearer (level 5, -2/33 HPs)
             Began as a Gargoyle Fighter on Feb 21, 2017.
             Slain by an ogre
             ... wielding a +0 giant club
              (12 damage)
             ... on level 3 of the Dungeon.
             The game lasted 00:02:49 (2206 turns).

polly the Shield-Bearer (Gargoyle Fighter)          Turns: 2206, Time: 00:02:49

Health: -2/33      AC: 11    Str: 19    XL:     5   Next: 18%
Magic:  5/5        EV:  7    Int:  9    God:
Gold:   145        SH:  9    Dex: 10    Spells: 4/4 levels left

rFire    . . .     SeeInvis .   a - +0 flail
rCold    . . .     Gourm    .   b - +0 scale mail
rNeg     + . .     Faith    .   c - +0 shield
rPois    ∞         Spirit   .   (no helmet)
rElec    +         Reflect  .   (no cloak)
rCorr    .         Harm     .   (no gloves)
MR       .....                  (no boots)
Stlth    ..........             (no amulet)
Regen    0.2/turn               (no ring)
MPRegen  0.1/turn               (no ring)

@: no status effects
A: negative energy resistance 1, electricity resistance, unbreathing,
petrification resistance, rot immunity, AC +4
a: no special abilities


You were on level 3 of the Dungeon.
You were hungry.

You visited 1 branch of the dungeon, and saw 3 of its levels.

You collected 145 gold pieces.

Inventory:

Hand Weapons
 a - a +0 flail (weapon)
Armour
 b - a +0 scale mail (worn)
 c - a +0 shield (worn)
Scrolls
 e - a scroll of noise {unknown}
 g - 2 scrolls of enchant weapon {unknown}
 h - 2 scrolls of remove curse {unknown}
 k - a scroll of identify {unknown}
Potions
 d - 2 potions of might
 i - a potion of mutation {unknown}
 m - a potion of brilliance {unknown}
Comestibles
 f - a bread ration
 j - a meat ration


   Skills:
 + Level 3.8 Fighting
 + Level 3.4 Maces & Flails
 + Level 3.9 Armour
 + Level 1.0 Dodging
 + Level 4.1 Shields


You had 4 spell levels left.
You didn't know any spells.

Dungeon Overview and Level Annotations

Branches:
Dungeon (3/15)

Altars:


Innate Abilities, Weirdness & Mutations

You are resistant to torment.
Your stone body is resilient. (AC +4)
You are immune to poison.
You resist negative energy. (rN+)
You are resistant to electric shocks. (rElec)
You can survive without breathing.
You are immune to petrification.
You are immune to rotting.


Message History

You are too injured to fight recklessly!
You are too injured to fight recklessly!
You are too injured to fight recklessly!
You are too injured to fight recklessly!
You are too injured to fight recklessly!
You are too injured to fight recklessly!
You are too injured to fight recklessly!
You are too injured to fight recklessly!
You are too injured to fight recklessly!
You are too injured to fight recklessly!
You closely miss the ogre.
The ogre is moderately wounded.
You block the ogre's attack.
You hit the ogre.
The ogre is heavily wounded.
You block the ogre's attack.
You sock the ogre!
The ogre is almost dead.
The ogre hits you with a giant club!
You die...

. . ##. ..
##.# #.. #O#
.# ##@# ###.#
##..# #...
#..## ...##
###.## #...#
###...#
##.#.###>..###
###).#.)...###
..<..#....(..#
###[.........#


You could see an ogre.

Vanquished Creatures
  An orc priest (D:3)
  4 adders (D:2)
  4 worms
  A dart slug (D:2)
  2 leopard geckos (D:1)
  3 orcs
  9 bats
  2 giant cockroaches
  6 goblins
  9 hobgoblins
  3 kobolds
  2 ball pythons (D:1)
  A frilled lizard (D:2)
  4 rats
51 creatures vanquished.

Notes
Turn   | Place    | Note
-------+----------+-------------------------------------------
     0 | D:1      | polly the Gargoyle Fighter began the quest for the Orb.
     0 | D:1      | Reached XP level 1. HP: 14/14 MP: 1/1
   174 | D:1      | Reached XP level 2. HP: 19/19 MP: 2/2
   592 | D:1      | Reached XP level 3. HP: 21/23 MP: 3/3
  1354 | D:2      | Reached XP level 4. HP: 23/28 MP: 4/4
  1504 | D:2      | Reached skill level 4 in Shields
  2147 | D:3      | Reached skill level 1 in Dodging
  2147 | D:3      | Reached XP level 5. HP: 28/33 MP: 5/5
  2197 | D:3      | Noticed an ogre
  2206 | D:3      | Slain by an ogre

Vault maps used:
D:1:      roderic_crossed_star, serial_bayou_ford_a
D:2:      wad_crossroads, kennysheep_generic_room_2
D:3:      old_standard_altar, first_bread, uniq_robin

Skill      XL: |  1  2  3  4 |
---------------+-------------+-----
Shields        | 4 |  4.1
Maces & Flails | 3 |  3.4
Dodging        | 1 |  1.0
Fighting       | |  3.8
Armour         | |  3.9

Action                   |  1- 3 |  4- 6 || total
-------------------------+-------+-------++-------
Melee: Flail             |   155 |   102 ||   257
  Eat: Chunk             |     1 |     1 ||     2
       Royal jelly       |       |     1 ||     1
Armor: Scale mail        |   101 |    56 ||   157
Dodge: Dodged            |    50 |    33 ||    83
Block: Shield            |    95 |    54 ||   149
